 Dungeon Crawl Stone Soup version 0.21-a0-450-gd87a9b2 (webtiles) character file.

646 taran the Insei (level 7, 0/52 HPs)
             Began as a Gnoll Transmuter on Nov 18, 2017.
             Was a Believer of Cheibriados.
             Killed from afar by an electric eel (17 damage)
             ... with a bolt of electricity
             ... on level 4 of the Dungeon.
             The game lasted 00:31:27 (4182 turns).

taran the Insei (Gnoll Transmuter)                  Turns: 4182, Time: 00:31:27

Health: 0/52       AC:  4    Str: 18    XL:     7   Next: 52%
Magic:  15/15      EV: 16    Int: 21    God:    Cheibriados [**....]
Gold:   101        SH:  0    Dex: 21    Spells: 2/17 levels left

rFire    + . .     SeeInvis .   r - +0 hunting sling (flame)
rCold    . . .     Gourm    .   (no shield)
rNeg     . . .     Faith    .   w - +0 leather armour {rF+}
rPois    .         Spirit   .   y - +0 helmet
rElec    .         Reflect  .   (no cloak)
rCorr    .         Harm     .   (no gloves)
MR       .....                  (no boots)
Stlth    ++........             (no amulet)
HPRegen  0.17/turn              (no ring)
MPRegen  0.14/turn              (no ring)

@: very slow
A: distributed training, fangs 1, strong nose
a: Bend Time, Renounce Religion


You were on level 4 of the Dungeon.
You worshipped Cheibriados.
Cheibriados was pleased with you.
You were not hungry.

You visited 1 branch of the dungeon, and saw 4 of its levels.
You also visited: Sewer.

You collected 101 gold pieces.

Inventory:

Hand Weapons
 b - a +4 hunting sling
 c - a +2 dagger of electrocution
 r - a +0 hunting sling of flaming (weapon)
Missiles
 a - 21 arrows
 h - 5 tomahawks
 n - 86 stones (quivered)
Armour
 w - a +0 leather armour of fire resistance (worn)
 y - a +0 helmet (worn)
 C - a cursed +0 robe
Jewellery
 k - an uncursed ring of fire
Wands
 D - a wand of flame (29/48)
Scrolls
 e - 2 scrolls of remove curse
 g - a scroll of teleportation {unknown}
 q - a scroll of recharging {unknown}
 t - a scroll of magic mapping {unknown}
 x - a scroll of fog {unknown}
Potions
 f - 6 potions of heal wounds {unknown}
 i - 4 potions of flight {unknown}
 m - a potion of magic
 o - a potion of haste {unknown}
 v - a potion of degeneration {unknown}
 z - a potion of invisibility {unknown}
 A - a potion of curing
 B - a potion of lignification {unknown}
Books
 l - a book of Changes

   Spells                             Type                      Level
   a - Beastly Appendage              Transmutation                1
   b - Sticks to Snakes               Transmutation                2
   c - Spider Form                    Transmutation/Poison         3
   d - Ice Form                       Ice/Transmutation            4
   e - Blade Hands                    Transmutation                5
Comestibles
 d - 3 bread rations
 p - 8 fruits
 u - a meat ration


   Skills:
 + Level 3.6 Fighting
 + Level 2.5 Short Blades
 + Level 2.5 Long Blades
 + Level 2.5 Axes
 + Level 2.5 Maces & Flails
 + Level 2.5 Polearms
 + Level 2.5 Staves
 + Level 2.5 Slings
 + Level 2.5 Bows
 + Level 2.5 Crossbows
 + Level 2.5 Throwing
 + Level 2.5 Armour
 + Level 5.2 Dodging
 + Level 2.5 Stealth
 + Level 2.5 Shields
 + Level 7.0 Unarmed Combat
 + Level 5.6 Spellcasting
 + Level 2.0 Conjurations
 + Level 2.0 Hexes
 + Level 2.0 Charms
 + Level 2.0 Summonings
 + Level 2.0 Necromancy
 + Level 2.0 Translocations
 + Level 4.3 Transmutations
 + Level 2.0 Fire Magic
 + Level 2.0 Ice Magic
 + Level 2.0 Air Magic
 + Level 2.0 Earth Magic
 + Level 2.0 Poison Magic
 + Level 2.7 Invocations
 + Level 2.5 Evocations


You had 2 spell levels left.
You knew the following spells:

 Your Spells              Type           Power        Failure   Level  Hunger
a - Beastly Appendage     Tmut           ###...       1%          1    None
b - Sticks to Snakes      Tmut           ###.....     3%          2    None
c - Spider Form           Tmut/Pois      ###.......   10%         3    ##.....
d - Ice Form              Ice/Tmut       ###.....     32%         4    ####...
e - Blade Hands           Tmut           ###.......   50%         5    #####..


Dungeon Overview and Level Annotations

Branches:
Dungeon (4/15)
 Temple: D:4-7

Altars:
Cheibriados
Trog

Annotations:
D:4 1 transporter


Innate Abilities, Weirdness & Mutations

Your experience applies equally to all skills.
You have very sharp teeth.
Your uncanny sense of smell can sniff out nearby items.


Message History

HP restored.
You open the door.
The electric eel shoots out a bolt of lightning at you!
The bolt of electricity hits you! x2
The electric eel shoots out a bolt of lightning at you!
The bolt of electricity hits you!
* * * LOW HITPOINT WARNING * * *
The bolt of electricity hits the plant. x2
You close the door.
You start resting.
You are feeling hungry.
You eat the royal jelly.
That royal jelly was delicious!
You start resting.
HP restored.
You open the door.
The electric eel shoots out a bolt of lightning at you!
The bolt of electricity hits you! x2
The electric eel shoots out a bolt of lightning at you!
The bolt of electricity hits you!
You die...

##..## #.# .>.## #########..##.
.##### ##.............
.....#####..............
.....#...#.#..##########
.###..........#8P#;;≈≈(≈
.########.#...#..#...... ..###
#.#..©#©.'...♣...+(©#©..# ....#
#.#...#.@#..[....#..#... ..#...#
#...#.#8P#;;≈≈≈≈;#P8#...
#.###...#...#.###############..##
#.# #....##..................##
#.# ###......................##
#.## ......###............%<#.
#..# #...#### #..#..#...)...##.
##.###....# .......#.......#.#
#.#.....# ....#.###.....##.#


You could see 4 electric eels.

Vanquished Creatures
  An ogre (D:4)
  A big kobold (Sewer)
  An orc priest (D:2)
  2 bullfrog skeletons (D:4)
  A hound (D:4)
  Jessica (D:3)
  Natasha (thrice) (D:2)
  An iguana (D:4)
  A worker ant (D:4)
  Robin (D:3)
  7 adders
  A gnoll (D:1)
  3 river rats
  An ooze (D:2)
  5 worms
  3 dart slugs (D:1)
  2 leopard geckos
  9 orcs
  2 ball pythons
  2 giant cockroaches
  16 goblins
  13 hobgoblins
  A jackal (Sewer)
  A quokka (D:4)
  8 bats
  2 frilled lizards
  11 kobolds
  9 rats
109 creatures vanquished.

Notes
Turn   | Place    | Note
-------+----------+-------------------------------------------
     0 | D:1      | taran the Gnoll Transmuter began the quest for the Orb.
     0 | D:1      | Reached XP level 1. HP: 17/17 MP: 6/6
   184 | D:1      | Reached XP level 2. HP: 19/23 MP: 7/7
   209 | D:1      | Learned a level 2 spell: Sticks to Snakes
   435 | D:1      | Reached XP level 3. HP: 25/28 MP: 7/9
  1069 | D:2      | Noticed Natasha
  1129 | D:2      | Learned a level 3 spell: Spider Form
  1159 | D:2      | Reached skill level 5 in Spellcasting
  1321 | D:2      | Reached skill level 1 in Invocations
  1328 | D:2      | Reached skill level 1 in Short Blades
  1328 | D:2      | Reached skill level 1 in Long Blades
  1328 | D:2      | Reached skill level 1 in Axes
  1328 | D:2      | Reached skill level 1 in Maces & Flails
  1328 | D:2      | Reached skill level 1 in Polearms
  1328 | D:2      | Reached skill level 1 in Staves
  1328 | D:2      | Reached skill level 1 in Slings
  1328 | D:2      | Reached skill level 1 in Bows
  1328 | D:2      | Reached skill level 1 in Crossbows
  1328 | D:2      | Reached skill level 1 in Throwing
  1328 | D:2      | Reached skill level 1 in Armour
  1328 | D:2      | Reached skill level 1 in Stealth
  1328 | D:2      | Reached skill level 1 in Shields
  1328 | D:2      | Reached skill level 1 in Evocations
  1328 | D:2      | Reached XP level 4. HP: 26/34 MP: 8/11
  1461 | D:2      | Reached skill level 1 in Conjurations
  1461 | D:2      | Reached skill level 1 in Hexes
  1461 | D:2      | Reached skill level 1 in Charms
  1461 | D:2      | Reached skill level 1 in Summonings
  1461 | D:2      | Reached skill level 1 in Necromancy
  1461 | D:2      | Reached skill level 1 in Translocations
  1461 | D:2      | Reached skill level 1 in Fire Magic
  1461 | D:2      | Reached skill level 1 in Ice Magic
  1461 | D:2      | Reached skill level 1 in Air Magic
  1461 | D:2      | Reached skill level 1 in Earth Magic
  1461 | D:2      | Reached skill level 1 in Poison Magic
  1476 | D:2      | Killed Natasha
  1476 | D:2      | Reached XP level 5. HP: 26/40 MP: 10/12
  1600 | D:2      | Noticed Natasha
  1614 | D:2      | Killed Natasha
  1672 | D:2      | Found a snail-covered altar of Cheibriados.
  1694 | D:2      | Became a worshipper of Cheibriados the Contemplative
  1740 | D:2      | Noticed Natasha
  1743 | D:2      | Killed Natasha
  2146 | D:3      | Noticed Robin
  2151 | D:3      | Reached * piety under Cheibriados
  2350 | D:3      | Noticed Jessica
  2355 | D:3      | Killed Jessica
  2355 | D:3      | Reached XP level 6. HP: 47/47 MP: 13/13
  2409 | D:3      | Learned a level 4 spell: Ice Form
  2415 | D:3      | Learned a level 5 spell: Blade Hands
  2696 | D:3      | Killed Robin
  3060 | D:4      | Reached skill level 5 in Dodging
  3095 | D:4      | Found a transporter.
  3186 | D:4      | Found a bloodstained altar of Trog.
  3229 | D:4      | Reached ** piety under Cheibriados
  3309 | D:4      | Reached XP level 7. HP: 47/52 MP: 15/15
  3362 | D:4      | Reached skill level 7 in Unarmed Combat
  3409 | D:4      | Found a glowing drain.
  3418 | Sewer    | Entered a sewer
  3632 | Sewer    | Found a white marble altar of Elyvilon.
  3749 | D:4      | Found a transporter.
  4182 | D:4      | Killed from afar by an electric eel

Vault maps used:
D:1:      minmay_arrival_jagged
D:2:      cheibriados_altar_1, dk_vineyard_3, uniq_natasha
D:3:      uniq_jessica, uniq_robin
D:4:      gammafunk_steamed_eel, lemuel_crystal_altar,
          lightli_sewer_entry_pipes, hangedman_decor_lopped,
          grunt_decor_clamped, trog_butcher_becter, uniq_edmund
Sewer:    sewer_kobolds

Skill      XL: |  1  2  3  4  5  6  7 |
---------------+----------------------+-----
Spellcasting   | 5 |  5.6
Invocations    | 1 2 |  2.7
Short Blades   | 1 2 |  2.5
Long Blades    | 1 2 |  2.5
Axes           | 1 2 |  2.5
Maces & Flails | 1 2 |  2.5
Polearms       | 1 2 |  2.5
Staves         | 1 2 |  2.5
Slings         | 1 2 |  2.5
Bows           | 1 2 |  2.5
Crossbows      | 1 2 |  2.5
Throwing       | 1 2 |  2.5
Armour         | 1 2 |  2.5
Stealth        | 1 2 |  2.5
Shields        | 1 2 |  2.5
Evocations     | 1 2 |  2.5
Conjurations   | 1 2 |  2.0
Hexes          | 1 2 |  2.0
Charms         | 1 2 |  2.0
Summonings     | 1 2 |  2.0
Necromancy     | 1 2 |  2.0
Translocations | 1 2 |  2.0
Fire Magic     | 1 2 |  2.0
Ice Magic      | 1 2 |  2.0
Air Magic      | 1 2 |  2.0
Earth Magic    | 1 2 |  2.0
Poison Magic   | 1 2 |  2.0
Fighting       | 3 |  3.6
Transmutations | 4 |  4.3
Dodging        | 5 |  5.2
Unarmed Combat | 7 |  7.0

Action                   |  1- 3 |  4- 6 |  7- 9 || total
-------------------------+-------+-------+-------++-------
Melee: Unarmed           |    43 |    66 |    50 ||   159
       Bite              |     1 |     3 |     2 ||     6
       Kick              |     3 |       |       ||     3
       Dagger            |       |    21 |       ||    21
       Punch             |       |       |     1 ||     1
 Fire: Hunting sling     |       |   128 |    24 ||   152
 Cast: Beastly Appendage |     5 |       |       ||     5
       Sticks to Snakes  |     2 |       |       ||     2
       Spider Form       |     3 |     4 |     1 ||     8
  Use: Scroll            |       |     1 |     2 ||     3
 Stab: Sleeping          |     1 |       |     1 ||     2
  Eat: Chunk             |     1 |     5 |     1 ||     7
       Royal jelly       |       |       |     1 ||     1
Armor: Robe              |     3 |       |       ||     3
       Skin              |       |     3 |       ||     3
       Leather armour    |       |     7 |     6 ||    13
Dodge: Dodged            |    22 |    69 |    32 ||   123

Table legend:
 A = Spawn XP
 B = Non-spawn XP
 C = Spawn XP percentage of total XP
 D = Spawn monster count
 E = Non-spawn monster count
 F = Spawn count percentage of total count
 G = Total turns spent on level
                    A         B        C        D         E        F      G
               +---------+---------+-------+---------+---------+-------+---------
         Total |       0 |     924 |   0.0 |       0 |     109 |   0.0 |  4182
               +---------+---------+-------+---------+---------+-------+---------
           D:1 |       0 |      34 |   0.0 |       0 |      11 |   0.0 |  1235
           D:2 |       0 |     245 |   0.0 |       0 |      39 |   0.0 |   758
           D:3 |       0 |     127 |   0.0 |       0 |      32 |   0.0 |  1057
           D:4 |       0 |     394 |   0.0 |       0 |      17 |   0.0 |   871
         Sewer |       0 |     124 |   0.0 |       0 |      10 |   0.0 |   261
               +---------+---------+-------+---------+---------+-------+---------
